 Dungeon Crawl Stone Soup version 0.28.0-43-g3370ac3207 (webtiles) character file.

Game seed: 17283914619448478610

1919 issech the Basher (level 8, -22/71 HPs)
             Began as a Troll Monk on Mar 17, 2022.
             Was an Elder of Hepliaklqana.
             Annihilated by an orc warlord
             ... wielding a +0 war axe
              (28 damage)
             ... in a bailey on Mar 18, 2022.
             The game lasted 00:18:47 (4913 turns).

issech the Basher (Troll Monk)                      Turns: 4913, Time: 00:18:47

Health: -22/71     AC:  6    Str: 26    XL:     8   Next: 95%
Magic:  7/7        EV: 11    Int:  6    God:    Hepliaklqana [****..]
Gold:   370        SH:  0    Dex: 14    Spells: 7/7 levels left

rFire   . . .      SeeInvis .   y - +0 giant club
rCold   . . .      Faith    .   (shield currently unavailable)
rNeg    . . .      Spirit   .   b - +0 robe
rPois   .          Reflect  .   g - +1 hat
rElec   .          Harm     .   B - +0 cloak
rCorr   .          Rampage  .   (gloves unavailable)
Will    .....                   (boots unavailable)
Stlth   ++........              A - amulet of the acrobat
HPRegen 1.01/turn               k - +6 ring of strength
MPRegen 0.10/turn               (no ring)

@: no status effects
A: reduced essence, large, unfitting armour, claws 3, regeneration 1, shaggy fur
1, tough skin 1
a: Renounce Religion, Recall Ancestor, Ancestor Identity, Transference, Idealise


You were in a bailey.
You worshipped Hepliaklqana.
Hepliaklqana was greatly pleased with you.
You visited 2 branches of the dungeon, and saw 8 of its levels.
You also visited: Bailey.

You collected 370 gold pieces.

Inventory:

Hand Weapons
 a - a +0 mace
 s - a +2 dagger of electrocution
 t - a +1 hunting sling of freezing
 u - a +0 flail
 v - a +0 whip of flaming
 y - a +0 giant club (weapon)
 J - a +0 dire flail
Missiles
 c - 190 stones
 e - 22 sling bullets
 l - 47 arrows
 m - 4 atropa-tipped darts
 n - 17 boomerangs (quivered)
 o - 6 datura-tipped darts
 q - 8 poisoned darts
 I - 39 bolts
Armour
 b - a +0 robe (worn)
 g - a +1 hat (worn)
 B - a +0 cloak (worn)
Jewellery
 k - a +6 ring of strength (left claw)
 A - an amulet of the acrobat (around neck)
Wands
 D - a wand of acid (10)
Scrolls
 d - a scroll of vulnerability
 f - a scroll of summoning {unknown}
 i - a scroll of amnesia {unknown}
 p - a scroll of blinking {unknown}
 x - 3 scrolls of fog {unknown}
 z - a scroll of noise
 E - 3 scrolls of teleportation
 G - 2 scrolls of fear
 H - a scroll of brand weapon {unknown}
Potions
 h - 4 potions of lignification {unknown}
 j - 5 potions of heal wounds {unknown}
 r - a potion of curing {unknown}
 w - 2 potions of brilliance {unknown}
 C - 3 potions of haste {unknown}
 F - a potion of attraction {unknown}


   Skills:
 + Level 4.7 Fighting
 + Level 8.2 Maces & Flails
 + Level 0.1 Throwing
 + Level 5.1 Dodging
 + Level 2.0 Stealth


You had 7 spell levels left.
You didn't know any spells.
Your spell library contained the following spells:

 Spells                   Type           Power      Damage    Failure   Level
 Magic Dart               Conj           0%         1d3       45%         1
 Blink                    Tloc           0%         N/A       58%         2
 Call Imp                 Summ           0%         N/A       58%         2
 Mephitic Cloud           Conj/Pois/Air  0%         N/A       83%         3
 Manifold Assault         Tloc           0%         N/A       100%        5
 Storm Form               Tmut/Air       0%         N/A       100%        7


Dungeon Overview and Level Annotations

Branches:
Dungeon (7/15)             Temple (1/1) D:6          Bailey (1/1)

Altars:
Ashenzari
Cheibriados
Dithmenos
Elyvilon
Fedhas
Gozag
Hepliaklqana
Kikubaaqudgha
Makhleb
Nemelex Xobeh
Okawaru
Qazlal
Ru
Sif Muna
Trog
Uskayaw
Vehumet
Wu Jian
Yredelemnul
Zin
The Shining One


Innate Abilities, Weirdness & Mutations

Your life essence is reduced to manifest your ancestor. (-10% HP)
You are too large for most types of armour.
You have claws for hands.
Your natural rate of healing is unusually fast.
You are covered in fur. (AC +1)
You have tough skin. (AC +1)


Message History

The stone arrow hits the orc warlord!
You closely miss the orc warlord.
The orc warlord is moderately wounded.
The orc warlord hits you with a +0 war axe.
The orc warlord hits Eadburga with a +0 war axe!
Eadburga gestures at the orc warlord while chanting.
The puff of frost hits the orc warlord.
The orc warlord hits you with a +0 war axe!
The orc warlord hits Eadburga with a +0 war axe!
Eadburga is destroyed!
You sock the orc warlord!
The orc warlord is moderately wounded.
The orc warlord barely misses you.
You bludgeon the orc warlord!!
The orc warlord is heavily wounded.
The orc warlord misses you.
You sock the orc warlord!
The orc warlord is heavily wounded.
The orc warlord barely misses you.
You closely miss the orc warlord.
The orc warlord is heavily wounded.
The orc warlord hits you with a +0 war axe!
You sock the orc warlord!
The orc warlord is severely wounded.
The orc warlord barely misses you.
The orc warlord hits you with a +0 war axe.
You bludgeon the orc warlord!!
The orc warlord is severely wounded.
The orc warlord hits you with a +0 war axe!!
* * * LOW HITPOINT WARNING * * *
You bludgeon the orc warlord!!
The orc warlord is almost dead.
The orc warlord completely misses you.
You hit the orc warlord but do no damage.
The orc warlord is almost dead.
The orc warlord closely misses you.
You barely miss the orc warlord.
The orc warlord is almost dead.
The orc warlord hits you with a +0 war axe!!
You die...

≈#..........#≈≈≈≈≈#..........#
≈#..8..8....'.....'..........#
≈#........#########......8...#
≈##......##≈≈≈#≈≈≈####......##
..##.....#≈=.....≈#≈≈#.....##
...##.)..#≈?........≈#....##
...R#....##8.8...8.8≈##...#
....'.....#.(.......≈≈'.).#
∩.÷.'.....#....∩@...≈≈'.).#
....'.....#....o....≈≈'.).#
....#....##8.8...8.8≈##...#
...##....#≈!........≈#....##
..##.....#≈).....≈#≈≈#.....##
≈##......##≈≈≈#≈≈≈####..)...##
≈#........#########......8...#
≈#..8..8....'..)..').........#
≈#.....)....#≈†≈≈≈#..........#


You could see an orc warlord.

Vanquished Creatures
  2 orc warriors
  2 necrophages
  An ogre (D:6)
  A bullfrog (D:5)
  2 scorpions
  A centaur zombie (D:6)
  4 hounds
  2 orc priests
  Jessica (D:3)
  2 iguanas
  An orc wizard (D:3)
  5 gnolls
  An adder (D:2)
  2 white imps
  13 orcs
  7 ball pythons
  2 bats
  4 endoplasms
  3 giant cockroaches
  6 goblins
  6 hobgoblins
  A jackal (D:3)
  6 quokkas
  2 frilled lizards
  9 kobolds
  2 rats
88 creatures vanquished.

Vanquished Creatures (collateral kills)
  A sky beast (D:6)
  An orc warrior (Bailey)
  A black bear (D:4)
  An ogre (D:4)
  2 scorpions (D:5)
  A water moccasin skeleton (D:4)
  2 hounds
  2 bullfrog skeletons
  A jelly (D:4)
  2 orc wizards (D:5)
  6 adders
  An ufetubus (D:6)
  A worm (D:3)
  12 orcs
  A bat (D:3)
  An endoplasm (D:4)
  A goblin (Bailey)
  3 jackals (D:3)
  10 kobolds
50 creatures vanquished.

Vanquished Creatures (others)
  A battlemage (Bailey)
1 creature vanquished.

Grand Total: 139 creatures vanquished

Notes
Turn   | Place    | Note
-------+----------+-------------------------------------------
     0 | D:1      | issech the Troll Monk began the quest for the Orb.
     0 | D:1      | Reached XP level 1. HP: 22/22 MP: 0/0
   210 | D:1      | Reached XP level 2. HP: 29/29 MP: 1/1
   260 | D:1      | Reached skill level 3 in Maces & Flails
   668 | D:2      | Reached XP level 3. HP: 33/36 MP: 2/2
   816 | D:2      | Found a faded altar of an unknown god.
  1017 | D:3      | Reached XP level 4. HP: 43/45 MP: 3/3
  1135 | D:3      | Found a hazy altar of Hepliaklqana.
  1163 | D:3      | Became a worshipper of Hepliaklqana the Forgotten
  1163 | D:3      | Reached * piety under Hepliaklqana
  1163 | D:3      | Reached ** piety under Hepliaklqana
  1164 | D:3      | Remembered your ancestor Eadburga as a battlemage
  1221 | D:3      | Found a blossoming altar of Fedhas.
  1350 | D:3      | Noticed Jessica
  1354 | D:3      | Killed Jessica
  1355 | D:3      | Reached skill level 4 in Maces & Flails
  1355 | D:3      | Reached XP level 5. HP: 47/47 MP: 4/4
  1523 | D:3      | Found a bloodstained altar of Trog.
  1794 | D:4      | Noticed an ogre
  1800 | D:4      | Killed an ogre
  1801 | D:4      | Reached XP level 6. HP: 54/54 MP: 5/5
  1929 | D:4      | Reached skill level 5 in Maces & Flails
  2001 | D:4      | You fall into a shaft and drop 2 floors!
  2080 | D:6      | Reached *** piety under Hepliaklqana
  2134 | D:6      | Reached XP level 7. HP: 61/61 MP: 6/6
  2150 | D:5      | Entered Level 5 of the Dungeon
  2236 | D:5      | Reached skill level 6 in Maces & Flails
  2555 | D:5      | Reached XP level 8. HP: 12/70 MP: 7/7
  2970 | D:4      | Found a broken altar of Ashenzari.
  3132 | D:4      | Found a snail-covered altar of Cheibriados.
  3420 | D:5      | Reached skill level 7 in Maces & Flails
  3768 | D:5      | Reached **** piety under Hepliaklqana
  3847 | D:6      | Reached skill level 5 in Dodging
  3961 | D:6      | Found a staircase to the Ecumenical Temple.
  3974 | Temple   | Entered the Ecumenical Temple
  4529 | D:6      | Found a hide-covered altar of Uskayaw.
  4529 | D:6      | Found a glowing silver altar of Zin.
  4562 | D:7      | Found a flagged portal.
  4578 | Bailey   | Entered a bailey
  4599 | Bailey   | Noticed an orc warlord
  4678 | Bailey   | Found a runed translucent gate.
  4678 | Bailey   | Found a runed translucent gate.
  4680 | Bailey   | Found a runed translucent gate.
  4683 | Bailey   | Reached skill level 8 in Maces & Flails
  4910 | Bailey   | HP: 3/71 [orc warlord/+0 war axe (24)]
  4913 | Bailey   | Annihilated by an orc warlord

Illustrated notes

Levels and vault maps discovered:
D:1:      wheals_arrival_linesprint, layout_rooms,
          hangedman_abyss_or_decor_lesser_grid, grunt_decor_junction
D:2:      layout_rooms, shapermc_ecumenical_altar_petra
D:3:      layout_basic, mainiacjoe_overflow_catwalk, fedhas_altar_2,
          trog_butcher_becter, uniq_jessica
D:4:      layout_cave_pools, mainiacjoe_overflow_six_doors_small,
          kennysheep_mini
D:5:      layout_loops_corners
D:6:      layout_loops_ring, gammafunk_temple_overflow_elements,
          minmay_temple_entry_overgrown
D:7:      layout_basic, enter_bailey_2, serial_shops, kennysheep_mini_moat,
          grunt_ministairs_11
Temple:   dpeg_chambers_temple
Bailey:   bailey_axe_bossmonster_kennysheep, bailey

Skill      XL: |  1  2  3  4  5  6  7  8 |
---------------+-------------------------+-----
Maces & Flails | 3 4 5 6 8 |  8.2
Fighting       | 3 4 |  4.7
Dodging        | 3 4 5 |  5.1
Stealth        | 2 |  2.0
Throwing       | |  0.1

Action                   |  1- 3 |  4- 6 |  7- 9 || total
-------------------------+-------+-------+-------++-------
Melee: Mace              |    87 |    66 |       ||   153
       Flail             |       |     8 |       ||     8
       Giant club        |       |    19 |   121 ||   140
Throw: Stone             |       |     2 |     1 ||     3
       Boomerang         |       |       |     5 ||     5
Invok: Ancestor Life: Ba |       |     1 |       ||     1
       Recall Ancestor   |       |     1 |       ||     1
  Use: Scroll            |       |       |     5 ||     5
 Stab: Sleeping          |     1 |     1 |       ||     2
       Distracted        |       |       |     1 ||     1
Armor: Robe              |    38 |    36 |    31 ||   105
Dodge: Dodged            |    48 |    51 |   104 ||   203
